Construct Infanterie Kompanie
Selects Luftwaffe Battlegroup
Selects Luftwaffe Pioneer Support
Fallschirmpioneer Squad Paradrop
Fallschirmpioneer Squad Paradrop
Fallschirmpioneer Squad Paradrop
Fallschirmpioneer Squad Paradrop
Construct Panzergrenadier Kompanie
Construct Luftwaffe Kompanie
Selects Stuka Strafing Run
Selects Fallschirmjäger Squad Paradrop
Selects Fallschirmjäger Squad Paradrop
Construct Panzer Kompanie
Fallschirmpioneer Squad Paradrop
Selects Flak 38 Anti-Air Emplacement
Fallschirmpioneer Squad Paradrop
Selects Flak 36 Anti-tank Gun Emplacement
Construct Panzergrenadier Kompanie
Pak 40 Anti-tank Gun Team
Pak 40 Anti-tank Gun Team
Fallschirmpioneer Squad Paradrop
Pak 40 Anti-tank Gun Team
Pak 40 Anti-tank Gun Team